[Event "Slovakia Open Piestany-A 2022"]
[Site "Piestany"]
[Date "2022.07.15"]
[Round "5.2"]
[White "Demchenko, Anton"]
[Black "Moroni, Luca Jr"]
[Result "1/2-1/2"]
[ECO "C50"]
[WhiteElo "2653"]
[BlackElo "2584"]
[Annotator "ChessBase"]
[PlyCount "129"]
[EventDate "2022.07.12"]
[EventType "swiss"]
[EventCountry "SVK"]
[SourceTitle "playchess.com"]
[Source "ChessBase"]
[SourceQuality "1"]
[TimeControl "40/5400+30:1800+30"]

1. e4 e5 2. Nf3 Nc6 3. Bc4 Bc5 4. d3 h6 5. Nc3 Nf6 6. h3 d6 7. Na4 Bb6 8. c3 O-O 9. O-O Be6 10. Bxe6 fxe6 11. b4 Qe8 12. Nxb6 axb6 13. Be3 Qg6 14. a4 Nh5 15. Kh2 Nf4 16. Bxf4 Rxf4 17. Nd2 Kh7 18. Qe2 Rff8 19. Ra2 Qf7 20. Kg1 Ra7 21. Rfa1 Rfa8 22. b5 Ne7 23. g3 Ng6 24. Nc4 Nf8 25. a5 bxa5 26. Nxa5 b6 27. Nc4 Rxa2 28. Rxa2 Rxa2 29. Qxa2 Nd7 30. Kg2 Nc5 31. Qb1 Qe8 32. d4 Nd7 33. Ne3 Kh8 34. f3 Qa8 35. d5 exd5 36. Nxd5 Qa3 37. Qc2 Qc5 38. Qd3 c6 39. bxc6 Qxc6 40. Qa6 Kh7 41. h4 h5 42. Qa2 Qb5 43. Qd2 Nf6 44. Ne3 Qc5 45. Nf5 d5 46. Qg5 Qf8 47. exd5 Nxd5 48. Qxh5+ Kg8 49. Kh2 Nxc3 50. Qg6 Qf6 51. Qe8+ Kh7 52. Ne7 g6 53. Qg8+ Kh6 54. Nc8 Ne4 55. Nxb6 Nd2 56. Nd7 Nxf3+ 57. Kg2 Nxh4+ 58. gxh4 Qc6+ 59. Kf2 Qc2+ 60. Ke1 Qc1+ 61. Ke2 Qc2+ 62. Ke1 Qe4+ 63. Kd2 Qd4+ 64. Ke2 Qg4+ 65. Kf1 1/2-1/2

[Event "Slovakia Open Piestany-A 2022"]
[Site "Piestany"]
[Date "2022.07.15"]
[Round "5.3"]
[White "Stefansson, Vignir Vatnar"]
[Black "Neugebauer, Martin"]
[Result "0-1"]
[ECO "E06"]
[WhiteElo "2461"]
[BlackElo "2528"]
[Annotator "ChessBase"]
[PlyCount "54"]
[EventDate "2022.07.12"]
[EventType "swiss"]
[EventCountry "SVK"]
[SourceTitle "playchess.com"]
[Source "ChessBase"]
[SourceQuality "1"]
[TimeControl "40/5400+30:1800+30"]

1. Nf3 Nf6 2. c4 e6 3. g3 d5 4. Bg2 Be7 5. d4 O-O 6. O-O c6 7. Qc2 b6 8. Nbd2 Bb7 9. e4 Na6 10. a3 c5 11. exd5 exd5 12. dxc5 Nxc5 13. b4 Ne6 14. Bb2 Rc8 15. Nh4 Qc7 16. Rac1 dxc4 17. Qxc4 Qd7 18. Qe2 Bxg2 19. Nxg2 Ng5 20. Nc4 Qb7 21. Ne5 Bd6 22. Nc4 Bf4 23. Rc2 Rfe8 24. Qd1 Rcd8 25. Qb1 Nf3+ 26. Kh1 Bg5 27. h4 Qd7 0-1

[Event "Slovakia Open Piestany-A 2022"]
[Site "Piestany"]
[Date "2022.07.15"]
[Round "5.4"]
[White "Schitco, Ivan"]
[Black "Samunenkov, Ihor"]
[Result "1/2-1/2"]
[ECO "A11"]
[WhiteElo "2490"]
[BlackElo "2448"]
[Annotator "ChessBase"]
[PlyCount "146"]
[EventDate "2022.07.12"]
[EventType "swiss"]
[EventCountry "SVK"]
[SourceTitle "playchess.com"]
[Source "ChessBase"]
[SourceQuality "1"]
[TimeControl "40/5400+30:1800+30"]

1. c4 e6 2. Nc3 d5 3. e3 Nf6 4. Nf3 c6 5. b3 Nbd7 6. Bb2 Bd6 7. Qc2 Qe7 8. Be2 a6 9. Rc1 dxc4 10. bxc4 e5 11. g4 Nc5 12. g5 Nfd7 13. h4 b5 14. Ne4 Nxe4 15. Qxe4 Rb8 16. c5 Nxc5 17. Rxc5 Bxc5 18. Bxe5 f6 19. gxf6 gxf6 20. Qxc6+ Bd7 21. Qxf6 Qxf6 22. Bxf6 Rf8 23. Bg7 Rg8 24. Be5 Rc8 25. Ng5 h6 26. Bh5+ Ke7 27. Ne4 Bc6 28. Bf6+ Ke6 29. Nxc5+ Kxf6 30. Rh2 Rg1+ 31. Ke2 Bf3+ 32. Bxf3 Rxc5 33. h5 Ra1 34. Rh4 Rxa2 35. Rd4 Rcc2 36. Bd5 Ra4 37. Rd3 Rh4 38. Bf3 Ke7 39. Rd5 b4 40. Re5+ Kd7 41. Rf5 Rhc4 42. Rf7+ Ke8 43. Ra7 b3 44. Rb7 Rb2 45. Bd5 Rcc2 46. Bxb3 Rxd2+ 47. Kf3 Rxf2+ 48. Kg3 Rg2+ 49. Kf3 Rgf2+ 50. Kg3 Kf8 51. Ra7 Rg2+ 52. Kf3 Rgf2+ 53. Kg3 Rf5 54. Ra8+ Ke7 55. Ra7+ Kd8 56. Bd1 Rg5+ 57. Kf4 Rb6 58. Be2 Rf6+ 59. Ke4 a5 60. Bd1 Re6+ 61. Kf4 Rf6+ 62. Ke4 Rb6 63. Kf4 Kc8 64. Ra8+ Kb7 65. Bf3+ Kc7 66. Ra7+ Kc8 67. Ra8+ Kc7 68. Ra7+ Kd8 69. Ra8+ Ke7 70. Ra7+ Kf8 71. Ra8+ Ke7 72. Ra7+ Kd6 73. Rh7 Rbb5 1/2-1/2

[Event "Slovakia Open Piestany-A 2022"]
[Site "Piestany"]
[Date "2022.07.15"]
[Round "5.5"]
[White "Sahidi, Samir"]
[Black "Lewtak, Damian"]
[Result "0-1"]
[ECO "A21"]
[WhiteElo "2462"]
[BlackElo "2397"]
[Annotator "ChessBase"]
[PlyCount "128"]
[EventDate "2022.07.12"]
[EventType "swiss"]
[EventCountry "SVK"]
[SourceTitle "playchess.com"]
[Source "ChessBase"]
[SourceQuality "1"]
[TimeControl "40/5400+30:1800+30"]

1. c4 e5 2. Nc3 Bb4 3. g3 Bxc3 4. dxc3 d6 5. Bg2 f5 6. Nf3 Nf6 7. O-O Qe7 8. Qc2 O-O 9. b3 Nc6 10. Nh4 Nh5 11. Bf3 Qe8 12. Bd5+ Kh8 13. f4 Ne7 14. fxe5 Nxd5 15. cxd5 Qxe5 16. e4 Bd7 17. Nxf5 Nf6 18. Bb2 Qxe4 19. Qxe4 Nxe4 20. Nd4 Bh3 21. Rfe1 Rf2 22. Rxe4 Raf8 23. Ree1 h6 24. Ne2 Rg2+ 25. Kh1 Rff2 26. Nf4 Rxh2+ 27. Kg1 Rxb2 28. Rab1 Rxa2 29. Ra1 Bg4 30. Rxa2 Rxa2 31. Re8+ Kh7 32. Rb8 b6 33. Ne6 Bxe6 34. dxe6 Re2 35. Rb7 Rxe6 36. Rxc7 Re3 37. Kf2 Rd3 38. b4 a5 39. b5 d5 40. Rc6 a4 41. Rxb6 Rxc3 42. Ra6 Rb3 43. Rxa4 Rxb5 44. Ra6 Rb4 45. Rd6 Rd4 46. Kf3 h5 47. Ke3 Rg4 48. Kf3 d4 49. Rb6 g6 50. Rb7+ Kh6 51. Rb5 Kg7 52. Rb6 Kf7 53. Ra6 Ke7 54. Kf2 d3 55. Ra1 d2 56. Rd1 Rd4 57. Ke3 Rd6 58. Rxd2 Rxd2 59. Kxd2 Kf6 60. Ke2 Kg5 61. Kf3 Kf5 62. Kf2 Kg4 63. Kg2 g5 64. Kh2 Kf3 0-1

[Event "Slovakia Open Piestany-A 2022"]
[Site "Piestany"]
[Date "2022.07.15"]
[Round "5.6"]
[White "Gretarsson, Helgi Ass"]
[Black "Niedbala, Bartlomiej"]
[Result "1/2-1/2"]
[ECO "D24"]
[WhiteElo "2472"]
[BlackElo "2381"]
[Annotator "ChessBase"]
[PlyCount "70"]
[EventDate "2022.07.12"]
[EventType "swiss"]
[EventCountry "SVK"]
[SourceTitle "playchess.com"]
[Source "ChessBase"]
[SourceQuality "1"]
[TimeControl "40/5400+30:1800+30"]

1. d4 Nf6 2. c4 e6 3. Nf3 d5 4. Nc3 dxc4 5. e4 b5 6. e5 Nd5 7. Nxb5 Nb6 8. Be2 Nc6 9. O-O Be7 10. Be3 O-O 11. Qc1 Ba6 12. Nc3 Nb4 13. Rd1 Rb8 14. a3 N4d5 15. b4 Nxc3 16. Qxc3 Bb5 17. Qc1 Ra8 18. Nd2 a5 19. bxa5 Rxa5 20. Nxc4 Bxc4 21. Bxc4 Rxa3 22. Rxa3 Bxa3 23. Qc2 Nxc4 24. Qxc4 Qd7 25. h4 c6 26. h5 h6 27. Rd3 Be7 28. Qc1 Kh7 29. Rc3 Rc8 30. Qc2+ Kh8 31. Qe4 c5 32. dxc5 Qd1+ 33. Kh2 Qxh5+ 34. Kg1 Qd1+ 35. Kh2 Qh5+ 1/2-1/2

[Event "Slovakia Open Piestany-A 2022"]
[Site "Piestany"]
[Date "2022.07.15"]
[Round "5.7"]
[White "Donchenko, Alexander"]
[Black "Farkas, Gabor"]
[Result "1-0"]
[ECO "D30"]
[WhiteElo "2640"]
[BlackElo "2335"]
[Annotator "ChessBase"]
[PlyCount "81"]
[EventDate "2022.07.12"]
[EventType "swiss"]
[EventCountry "SVK"]
[SourceTitle "playchess.com"]
[Source "ChessBase"]
[SourceQuality "1"]
[TimeControl "40/5400+30:1800+30"]

1. d4 d5 2. c4 e6 3. Nf3 c5 4. cxd5 exd5 5. g3 Nc6 6. Bg2 Nf6 7. O-O Be7 8. dxc5 Bxc5 9. a3 O-O 10. b4 Bb6 11. Nc3 Re8 12. Bb2 Bg4 13. Na4 Qe7 14. h3 Bxf3 15. exf3 Rad8 16. f4 Ne4 17. Nxb6 axb6 18. Re1 Qd6 19. Qb3 Nf6 20. Rxe8+ Nxe8 21. Rd1 Ne7 22. Bd4 h6 23. Qd3 Qc6 24. f5 Nf6 25. g4 Ra8 26. Qe3 Re8 27. Bxf6 Qxf6 28. Rxd5 Kf8 29. Rd7 Nc6 30. Qf4 Re1+ 31. Kh2 Ne5 32. Rxb7 Qd6 33. h4 Re2 34. Kg1 Re1+ 35. Kh2 Re2 36. Kh3 Rc2 37. Be4 Qd4 38. Rb8+ Ke7 39. f6+ gxf6 40. Rb7+ Ke8 41. Qxf6 1-0

[Event "Slovakia Open Piestany-A 2022"]
[Site "Piestany"]
[Date "2022.07.15"]
[Round "5.8"]
[White "Haring, Filip"]
[Black "Bhambure, Shantanu"]
[Result "0-1"]
[ECO "B90"]
[WhiteElo "2451"]
[BlackElo "2320"]
[Annotator "ChessBase"]
[PlyCount "62"]
[EventDate "2022.07.12"]
[EventType "swiss"]
[EventCountry "SVK"]
[SourceTitle "playchess.com"]
[Source "ChessBase"]
[SourceQuality "1"]
[TimeControl "40/5400+30:1800+30"]

1. e4 c5 2. Nf3 d6 3. d4 cxd4 4. Nxd4 Nf6 5. Nc3 a6 6. Be3 e5 7. Nb3 Be6 8. h3 Be7 9. Qf3 O-O 10. g4 a5 11. a4 Na6 12. O-O-O Nd7 13. Kb1 Nb4 14. Nd5 Bxd5 15. exd5 Bg5 16. Bb5 Bxe3 17. fxe3 Na6 18. h4 Nc7 19. Bd3 Nb6 20. g5 Ncxd5 21. Nd2 Qd7 22. Bb5 Qe6 23. Ne4 Nb4 24. b3 d5 25. Nf6+ gxf6 26. gxf6 Kh8 27. Bf1 Qc6 28. Rh2 Rg8 29. Qf5 Qe6 30. Qf3 Qg4 31. Qxg4 Rxg4 0-1

[Event "Slovakia Open Piestany-A 2022"]
[Site "Piestany"]
[Date "2022.07.15"]
[Round "5.9"]
[White "Marek, Matyas"]
[Black "Piesik, Piotr"]
[Result "0-1"]
[ECO "C07"]
[WhiteElo "2354"]
[BlackElo "2440"]
[Annotator "ChessBase"]
[PlyCount "56"]
[EventDate "2022.07.12"]
[EventType "swiss"]
[EventCountry "SVK"]
[SourceTitle "playchess.com"]
[Source "ChessBase"]
[SourceQuality "1"]
[TimeControl "40/5400+30:1800+30"]

1. e4 e6 2. d4 d5 3. Nd2 c5 4. exd5 Qxd5 5. Ngf3 cxd4 6. Bc4 Qd6 7. O-O Nf6 8. Nb3 Nc6 9. Nbxd4 Nxd4 10. Nxd4 a6 11. Bb3 Qc7 12. Qf3 Bd6 13. Kh1 Be5 14. c3 h5 15. Qh3 Bd7 16. f4 Bd6 17. f5 e5 18. Nf3 Bb5 19. Re1 Ng4 20. Be3 O-O-O 21. c4 Bc5 22. Bxc5 Qxc5 23. Rf1 Bc6 24. Qg3 Rd3 25. Bc2 Re3 26. a3 e4 27. b4 exf3 28. gxf3 Qe5 0-1

[Event "Slovakia Open Piestany-A 2022"]
[Site "Piestany"]
[Date "2022.07.15"]
[Round "5.10"]
[White "Kostolansky, Sebastian Lukas"]
[Black "Bochnicka, Vladimir"]
[Result "1-0"]
[ECO "C78"]
[WhiteElo "2406"]
[BlackElo "2295"]
[Annotator "ChessBase"]
[PlyCount "57"]
[EventDate "2022.07.12"]
[EventType "swiss"]
[EventCountry "SVK"]
[SourceTitle "playchess.com"]
[Source "ChessBase"]
[SourceQuality "1"]
[TimeControl "40/5400+30:1800+30"]

1. e4 e5 2. Nf3 Nc6 3. Bb5 a6 4. Ba4 Nf6 5. O-O b5 6. Bb3 Bc5 7. c3 d6 8. d4 Bb6 9. a4 Rb8 10. a5 Nxa5 11. Rxa5 Bxa5 12. dxe5 Ng4 13. Bg5 f6 14. exf6 gxf6 15. Bh4 c5 16. h3 c4 17. hxg4 cxb3 18. Nd4 Rb7 19. Nc6 Qc7 20. Nxa5 Qxa5 21. Bxf6 Rf8 22. g5 Qc7 23. e5 dxe5 24. Re1 Be6 25. Bxe5 Qf7 26. Bf6 Rd7 27. Qf3 Rd6 28. Qa8+ Kd7 29. Qb7+ 1-0

[Event "Slovakia Open Piestany-A 2022"]
[Site "Piestany"]
[Date "2022.07.15"]
[Round "5.11"]
[White "Pniaczek, Marek"]
[Black "Pacher, Milan"]
[Result "0-1"]
[ECO "C43"]
[WhiteElo "2312"]
[BlackElo "2399"]
[Annotator "ChessBase"]
[PlyCount "78"]
[EventDate "2022.07.12"]
[EventType "swiss"]
[EventCountry "SVK"]
[SourceTitle "playchess.com"]
[Source "ChessBase"]
[SourceQuality "1"]
[TimeControl "40/5400+30:1800+30"]

1. e4 e5 2. Nf3 Nf6 3. d4 Nxe4 4. Bd3 Nc6 5. Nxe5 Nxe5 6. dxe5 Nc5 7. Bc4 d6 8. Nc3 Be6 9. Bxe6 Nxe6 10. exd6 Bxd6 11. Be3 Bb4 12. Qf3 Bxc3+ 13. bxc3 Qf6 14. Qxf6 gxf6 15. Rb1 O-O-O 16. Rb4 Rd5 17. Ke2 Rhd8 18. Rh4 h5 19. Rb1 R8d6 20. g4 hxg4 21. Rxg4 b6 22. h4 f5 23. Rg8+ Kb7 24. f4 Ra5 25. Rd1 Rxa2 26. Rxd6 cxd6 27. Bd2 Ra1 28. Rh8 a5 29. Rh7 a4 30. Rxf7+ Nc7 31. c4 a3 32. Bb4 a2 33. Bxd6 Re1+ 34. Kxe1 a1=Q+ 35. Ke2 Qc3 36. Rxc7+ Ka6 37. Be5 Qxc2+ 38. Ke3 Qc1+ 39. Kd4 Qd2# 0-1

[Event "Slovakia Open Piestany-A 2022"]
[Site "Piestany"]
[Date "2022.07.15"]
[Round "5.12"]
[White "Turcan, Richard"]
[Black "Czerw, Dawid"]
[Result "0-1"]
[ECO "B33"]
[WhiteElo "2304"]
[BlackElo "2391"]
[Annotator "ChessBase"]
[PlyCount "84"]
[EventDate "2022.07.12"]
[EventType "swiss"]
[EventCountry "SVK"]
[SourceTitle "playchess.com"]
[Source "ChessBase"]
[SourceQuality "1"]
[TimeControl "40/5400+30:1800+30"]

1. e4 c5 2. Nf3 Nc6 3. d4 cxd4 4. Nxd4 Nf6 5. Nc3 e5 6. Ndb5 d6 7. Bg5 a6 8. Na3 b5 9. Bxf6 gxf6 10. Nd5 f5 11. c3 Bg7 12. exf5 Bxf5 13. Nc2 O-O 14. Nce3 Be6 15. Bd3 f5 16. O-O Kh8 17. Bc2 Ne7 18. a4 bxa4 19. Rxa4 Ng6 20. Qh5 e4 21. f3 Be5 22. f4 Bg7 23. g4 Nh4 24. gxf5 Bxf5 25. Nxf5 Rxf5 26. Qd1 Qg8 27. Bxe4 Re8 28. Kh1 Rxe4 29. Rxe4 Rxd5 30. Re8 Qxe8 31. f5 h6 32. Qxd5 Qe2 33. Ra1 Nf3 34. Qxd6 Ne1 35. Rxe1 Qxe1+ 36. Kg2 Qe4+ 37. Kg1 Qb1+ 38. Kg2 Qxb2+ 39. Kf1 Qc1+ 40. Kg2 Qg5+ 41. Kh1 a5 42. Qc5 Qc1+ 0-1

[Event "Slovakia Open Piestany-A 2022"]
[Site "Piestany"]
[Date "2022.07.15"]
[Round "5.13"]
[White "Savitha Shri B"]
[Black "Favaloro, Andrea"]
[Result "1/2-1/2"]
[ECO "D77"]
[WhiteElo "2278"]
[BlackElo "2361"]
[Annotator "ChessBase"]
[PlyCount "36"]
[EventDate "2022.07.12"]
[EventType "swiss"]
[EventCountry "SVK"]
[SourceTitle "playchess.com"]
[Source "ChessBase"]
[SourceQuality "1"]
[TimeControl "40/5400+30:1800+30"]

1. Nf3 d5 2. g3 g6 3. d4 Bg7 4. Bg2 Nf6 5. O-O O-O 6. c4 dxc4 7. Na3 c5 8. Nxc4 Be6 9. Nfe5 Qc8 10. dxc5 Nfd7 11. Nxd7 Nxd7 12. c6 bxc6 13. Na5 Bd5 14. Bxd5 cxd5 15. Qxd5 Nf6 16. Qf3 Qe6 17. Nb3 Ne4 18. Rb1 a5 1/2-1/2

[Event "Slovakia Open Piestany-A 2022"]
[Site "Piestany"]
[Date "2022.07.15"]
[Round "5.14"]
[White "Dixit, Nikhil"]
[Black "Sharma Isha"]
[Result "1/2-1/2"]
[ECO "B41"]
[WhiteElo "2325"]
[BlackElo "2236"]
[Annotator "ChessBase"]
[PlyCount "147"]
[EventDate "2022.07.12"]
[EventType "swiss"]
[EventCountry "SVK"]
[SourceTitle "playchess.com"]
[Source "ChessBase"]
[SourceQuality "1"]
[TimeControl "40/5400+30:1800+30"]

1. e4 c5 2. Nf3 e6 3. d4 cxd4 4. Nxd4 a6 5. c4 Nc6 6. Nc3 Qc7 7. Be2 Nf6 8. Nc2 Bd6 9. h3 Be5 10. Qd3 O-O 11. O-O Bf4 12. Bxf4 Qxf4 13. Qe3 Qc7 14. Rad1 Rd8 15. Rd2 b6 16. Rfd1 Bb7 17. Na4 b5 18. Nb6 Rab8 19. c5 Ne7 20. f3 Nc8 21. e5 Nd5 22. Nxd5 Bxd5 23. Nb4 Bb7 24. c6 Bxc6 25. Nxa6 Qb6 26. Qxb6 Rxb6 27. Nb4 Re8 28. Nxc6 dxc6 29. Rd7 Ra6 30. a3 Kf8 31. Rc7 Ne7 32. Rd6 Ra4 33. Bd3 Raa8 34. Be4 Rac8 35. Rb7 Red8 36. b3 f5 37. Rxe6 Re8 38. Bc2 g6 39. Rf6+ Kg8 40. b4 Nd5 41. Rff7 Rxe5 42. Rg7+ Kf8 43. Rxh7 Re7 44. Rbxe7 Nxe7 45. g4 fxg4 46. hxg4 c5 47. Be4 c4 48. Rh8+ Kf7 49. Rxc8 Nxc8 50. Kf2 Nd6 51. Ke3 g5 52. Kd4 Ke6 53. Bc2 Nf7 54. Kc5 Ne5 55. Kxb5 Kd5 56. a4 Nxf3 57. Bd1 Ne5 58. a5 Kd6 59. Kb6 Nc6 60. b5 Ne7 61. a6 Nd5+ 62. Kb7 Kc5 63. a7 Nb6 64. a8=Q Nxa8 65. Kxa8 Kxb5 66. Kb7 c3 67. Ka7 Ka5 68. Bc2 Kb5 69. Kb7 Kc5 70. Kc7 Kd5 71. Kd7 Ke5 72. Kc6 Kf4 73. Kd5 Kxg4 74. Kd4 1/2-1/2

[Event "Slovakia Open Piestany-A 2022"]
[Site "Piestany"]
[Date "2022.07.15"]
[Round "5.15"]
[White "Delgerdalai, Bayarjavkhlan"]
[Black "Moksh Amit Doshi"]
[Result "0-1"]
[ECO "B90"]
[WhiteElo "2209"]
[BlackElo "2409"]
[Annotator "ChessBase"]
[PlyCount "165"]
[EventDate "2022.07.12"]
[EventType "swiss"]
[EventCountry "SVK"]
[SourceTitle "playchess.com"]
[Source "ChessBase"]
[SourceQuality "1"]
[TimeControl "40/5400+30:1800+30"]

1. e4 c5 2. Nf3 d6 3. d4 cxd4 4. Nxd4 Nf6 5. Nc3 a6 6. Be3 e5 7. Nb3 Be6 8. f3 Nbd7 9. Qd2 Be7 10. g4 b5 11. g5 Nh5 12. Rg1 Nb6 13. Nd5 Nxd5 14. exd5 Bd7 15. Na5 O-O 16. Bd3 Qc7 17. O-O-O Bd8 18. Nc6 Bxc6 19. dxc6 d5 20. Bf5 d4 21. Bf2 Nf4 22. Bd7 Be7 23. Kb1 b4 24. Rde1 Bd6 25. h4 Nd5 26. Qd3 Qa5 27. h5 Rab8 28. g6 Nc3+ 29. Kc1 Nxa2+ 30. Kd1 Qd5 31. gxh7+ Kh8 32. h6 g6 33. Ke2 b3 34. c4 Qc5 35. Rg4 Nb4 36. Qxb3 Nxc6 37. Qc2 Na5 38. Rc1 Rb4 39. Rxg6 Qxc4+ 40. Qxc4 Rxc4 41. Rg8+ Rxg8 42. hxg8=Q+ Kxg8 43. Rg1+ Kh7 44. Bf5+ Kxh6 45. Kd3 Rc7 46. Rg8 Nc6 47. Be4 Ne7 48. Rh8+ Kg7 49. Rh7+ Kg8 50. Rh6 Ng6 51. Bg3 Kg7 52. Rh5 Rc5 53. Rh2 Rc8 54. Re2 Kf6 55. Bb7 Rb8 56. Bxa6 e4+ 57. Kxd4 Bxg3 58. fxe4 Be5+ 59. Kc4 Bxb2 60. Bb5 Be5 61. Bd7 Nf4 62. Ra2 Rd8 63. Bf5 Rd4+ 64. Kb5 Rd1 65. Ra6+ Bd6 66. Kc4 Ne6 67. Ra5 Rc1+ 68. Kd3 Nf4+ 69. Kd4 Be5+ 70. Ke3 Rc3+ 71. Kd2 Rg3 72. Ra6+ Kg5 73. Ra7 Kf6 74. Ra6+ Ne6 75. Ke2 Bd4 76. Rd6 Bg1 77. Ra6 Ke5 78. Ra5+ Nc5 79. Kf1 Bd4 80. Rb5 Kf4 81. Rb4 Be3 82. Ke2 Rg2+ 83. Kd1 0-1

[Event "Slovakia Open Piestany-A 2022"]
[Site "Piestany"]
[Date "2022.07.15"]
[Round "5.16"]
[White "Straka, Jozef"]
[Black "Matras, Ondrej"]
[Result "1-0"]
[ECO "E71"]
[WhiteElo "2300"]
[BlackElo "2229"]
[Annotator "ChessBase"]
[PlyCount "83"]
[EventDate "2022.07.12"]
[EventType "swiss"]
[EventCountry "SVK"]
[SourceTitle "playchess.com"]
[Source "ChessBase"]
[SourceQuality "1"]
[TimeControl "40/5400+30:1800+30"]

1. d4 Nf6 2. c4 g6 3. Nc3 Bg7 4. e4 d6 5. h3 O-O 6. Be3 e5 7. d5 Nbd7 8. g4 Nc5 9. f3 Ne8 10. Qd2 f5 11. gxf5 gxf5 12. O-O-O Nf6 13. Bd3 Nxd3+ 14. Qxd3 a6 15. Nge2 f4 16. Bf2 Nh5 17. Rhg1 Kh8 18. c5 Bf6 19. cxd6 cxd6 20. Na4 Bh4 21. Bxh4 Qxh4 22. Nb6 Rb8 23. Kb1 Qf2 24. Nc4 Ng3 25. Nxg3 fxg3 26. Rdf1 Qh2 27. Rh1 Qg2 28. Nxd6 Bxh3 29. Qc3 Qxf1+ 30. Rxf1 Bxf1 31. Qxe5+ Kg8 32. Qxg3+ Kh8 33. Nf7+ Rxf7 34. Qxb8+ Kg7 35. Qg3+ Kf8 36. Qb8+ Kg7 37. Qg3+ Kf8 38. f4 Rg7 39. Qc3 Bg2 40. Qc8+ Kf7 41. Qe6+ Kf8 42. d6 1-0

[Event "Slovakia Open Piestany-A 2022"]
[Site "Piestany"]
[Date "2022.07.15"]
[Round "5.17"]
[White "Svana, Peter"]
[Black "Brhel, Jan"]
[Result "1-0"]
[ECO "A33"]
[WhiteElo "2280"]
[BlackElo "2018"]
[Annotator "ChessBase"]
[PlyCount "65"]
[EventDate "2022.07.12"]
[EventType "swiss"]
[EventCountry "SVK"]
[SourceTitle "playchess.com"]
[Source "ChessBase"]
[SourceQuality "1"]
[TimeControl "40/5400+30:1800+30"]

1. Nf3 Nf6 2. d4 e6 3. g3 c5 4. c4 cxd4 5. Nxd4 Nc6 6. Bg2 Bb4+ 7. Nc3 O-O 8. O-O a6 9. Nb3 d6 10. Na4 Ne5 11. a3 Ba5 12. Nxa5 Qxa5 13. b3 Bd7 14. Bd2 Qc7 15. Bb4 Bxa4 16. Bxd6 Bxb3 17. Bxc7 Bxd1 18. Rfxd1 Nxc4 19. Rd4 b5 20. Bxa8 Rxa8 21. a4 Rc8 22. axb5 axb5 23. Rb1 Ne8 24. Rd8 Rxd8 25. Bxd8 Ned6 26. Be7 f6 27. Rd1 Nf5 28. Bb4 e5 29. e3 e4 30. Rd5 Ne5 31. Rxb5 h5 32. Kg2 g6 33. Bc3 1-0

[Event "Slovakia Open Piestany-A 2022"]
[Site "Piestany"]
[Date "2022.07.15"]
[Round "5.18"]
[White "Hrbek, Stepan"]
[Black "Warchol, Kamil"]
[Result "1-0"]
[ECO "B80"]
[WhiteElo "2272"]
[BlackElo "2121"]
[Annotator "ChessBase"]
[PlyCount "139"]
[EventDate "2022.07.12"]
[EventType "swiss"]
[EventCountry "SVK"]
[SourceTitle "playchess.com"]
[Source "ChessBase"]
[SourceQuality "1"]
[TimeControl "40/5400+30:1800+30"]

1. e4 c5 2. Nf3 e6 3. d4 cxd4 4. Nxd4 Nc6 5. Nc3 Qc7 6. g3 a6 7. Bg2 d6 8. O-O Be7 9. Nxc6 bxc6 10. Re1 e5 11. Na4 Be6 12. b3 Nf6 13. c4 O-O 14. Bb2 Nd7 15. f4 f6 16. Kh1 a5 17. Rc1 Rfd8 18. Qh5 Bf7 19. Qg4 Ra6 20. Red1 Raa8 21. Bh3 Rab8 22. Qe2 Nf8 23. Rf1 Ne6 24. Qe3 Kh8 25. Bf5 Bg8 26. Bh3 Bf8 27. Bg4 Be7 28. Rfd1 Bf8 29. Rd2 Be7 30. Rcd1 Bf7 31. Bxe6 Bxe6 32. f5 Bf7 33. Nc3 Ra8 34. Na4 Rab8 35. Ba3 Bh5 36. Rg1 Bf7 37. Qf3 d5 38. Bxe7 Qxe7 39. cxd5 cxd5 40. exd5 e4 41. Qe3 Rxd5 42. Rxd5 Bxd5 43. Rd1 Bc6 44. Nc3 Re8 45. Kg1 Qe5 46. g4 Qb8 47. Rd2 Qb4 48. Kf2 Qe7 49. Ne2 Qe5 50. Nf4 Ba8 51. Rd4 Rc8 52. Qd2 Re8 53. Ke3 Qc7 54. Ne6 Qb6 55. Qc3 h6 56. Qc7 Qxc7 57. Nxc7 Rc8 58. Nxa8 Rxa8 59. Rd7 a4 60. b4 Rc8 61. b5 Rb8 62. Rd5 a3 63. Kxe4 Kh7 64. Kd3 h5 65. gxh5 Kh6 66. Kc4 Kxh5 67. Kb4 g5 68. Ka5 Kh4 69. b6 Kh3 70. Rd2 1-0

[Event "Slovakia Open Piestany-A 2022"]
[Site "Piestany"]
[Date "2022.07.15"]
[Round "5.19"]
[White "Palchuk, Andrii"]
[Black "Walter, Ema"]
[Result "1-0"]
[ECO "E11"]
[WhiteElo "2248"]
[BlackElo "2000"]
[Annotator "ChessBase"]
[PlyCount "69"]
[EventDate "2022.07.12"]
[EventType "swiss"]
[EventCountry "SVK"]
[SourceTitle "playchess.com"]
[Source "ChessBase"]
[SourceQuality "1"]
[TimeControl "40/5400+30:1800+30"]

1. d4 Nf6 2. c4 e6 3. g3 d5 4. Nf3 Bb4+ 5. Bd2 Be7 6. Bg2 c6 7. Qc2 O-O 8. O-O b6 9. Bf4 Nbd7 10. Nbd2 Ba6 11. Rfd1 Rc8 12. Rac1 Bb7 13. e4 dxc4 14. Nxc4 c5 15. d5 exd5 16. exd5 Nxd5 17. Nfe5 N7f6 18. Ne3 c4 19. Nxd5 Nxd5 20. Qb1 Rc5 21. Be3 Rc7 22. Rxd5 Bxd5 23. Rd1 Bf6 24. Rxd5 Qc8 25. Bf4 Bxe5 26. Bxe5 Rc5 27. Bc3 Rd8 28. Rxd8+ Qxd8 29. Bf3 Qe8 30. Qd1 h6 31. Qd4 f6 32. Bd5+ Kh8 33. Bxc4 Qc8 34. Bd3 Rc7 35. Qe4 1-0

[Event "Slovakia Open Piestany-A 2022"]
[Site "Piestany"]
[Date "2022.07.15"]
[Round "5.20"]
[White "Mizicka, Matus"]
[Black "Domalchuk-Jonasson, Aleksandr"]
[Result "0-1"]
[ECO "C00"]
[WhiteElo "1915"]
[BlackElo "2244"]
[Annotator "ChessBase"]
[PlyCount "180"]
[EventDate "2022.07.12"]
[EventType "swiss"]
[EventCountry "SVK"]
[SourceTitle "playchess.com"]
[Source "ChessBase"]
[SourceQuality "1"]
[TimeControl "40/5400+30:1800+30"]

1. e4 e6 2. b3 d5 3. Bb2 dxe4 4. Nc3 Nf6 5. g4 h6 6. Bg2 Be7 7. Nxe4 Nxe4 8. Bxe4 Bf6 9. Bxf6 Qxf6 10. Ne2 h5 11. Nc3 Nc6 12. Bxc6+ bxc6 13. gxh5 c5 14. Qe2 Kf8 15. Rg1 Bb7 16. Rg3 Qf5 17. O-O-O Rxh5 18. Qb5 Bf3 19. Rdg1 g6 20. Qd7 Qf4 21. Qd3 Bc6 22. Rxg6 fxg6 23. Qxg6 Qf7 24. Qg3 Rd8 25. Qe3 Rd4 26. Ne2 Re4 27. Qd3 Qf6 28. c3 Rhe5 29. f4 Rf5 30. Ng3 Rfxf4 31. Nh5 Rf3 32. Qa6 Qf7 33. Qxc6 Rf1+ 34. Kb2 Rxg1 35. Qxc5+ Ke8 36. Qc6+ Kf8 37. Qc5+ Ke8 38. Qc6+ Kd8 39. Qxe4 Qf1 40. Ka3 Qa6+ 41. Kb2 Qf1 42. Ka3 Qc1+ 43. Kb4 Qxd2 44. Qxe6 Re1 45. Qf6+ Kc8 46. Qf5+ Qd7 47. Qxd7+ Kxd7 48. Ng3 Kc6 49. a4 Kb6 50. Kc4 Rg1 51. Nf5 Rf1 52. Nd4 Rf2 53. b4 Rxh2 54. a5+ Kb7 55. Kb3 Rh1 56. c4 Rh3+ 57. Kc2 Kc8 58. a6 c5 59. Nc6 Kc7 60. b5 Kb6 61. Ne5 Rh5 62. Nc6 Rh6 63. Ne5 Rd6 64. Nd3 Rd4 65. Kc3 Re4 66. Kb3 Re3 67. Kc2 Ka5 68. Nxc5 Kb4 69. Nd7 Re7 70. Nb8 Kxc4 71. Nc6 Rc7 72. Ne5+ Kxb5+ 73. Kb3 Kxa6 74. Kb4 Rb7+ 75. Ka4 Re7 76. Nd3 Re4+ 77. Kb3 Kb5 78. Nc1 Re3+ 79. Kb2 Kc4 80. Kc2 Rh3 81. Kb2 Rh2+ 82. Kb1 Kc3 83. Na2+ Kb3 84. Nc1+ Ka3 85. Nd3 Rd2 86. Nc1 Rb2+ 87. Ka1 Rb8 88. Ne2 Kb3 89. Kb1 Rb6 90. Nc1+ Kc3+ 0-1